 Dungeon Crawl Stone Soup version 0.21-a0-578-gc6e9d75 (webtiles) character file.

90 4thArraOfDagon the Skirmisher (level 4, 0/48 HPs)
             Began as an Ogre Artificer on Dec 18, 2017.
             Slain by an adder (1 damage)
             ... on level 3 of the Dungeon.
             The game lasted 00:02:41 (356 turns).

4thArraOfDagon the Skirmisher (Ogre Artificer)       Turns: 356, Time: 00:02:42

Health: 0/48       AC:  3    Str: 16    XL:     4   Next: 56%
Magic:  5/5        EV: 10    Int: 18    God:
Gold:   38         SH:  0    Dex:  9    Spells: 3/3 levels left

rFire    . . .     SeeInvis .   h - +0 morningstar
rCold    . . .     Gourm    .   (no shield)
rNeg     . . .     Faith    .   b - +0 robe
rPois    .         Spirit   .   (helmet restricted)
rElec    .         Reflect  .   (no cloak)
rCorr    .         Harm     .   (gloves unavailable)
MR       .....                  (boots unavailable)
Stlth    +.........             (no amulet)
HPRegen  0.16/turn              (no ring)
MPRegen  0.09/turn              (no ring)

@: brilliant, lethally poisoned (0 -> -1)
A: large, unfitting armour, tough skin 1
a: no special abilities


You were on level 3 of the Dungeon.
You were not hungry.

You visited 1 branch of the dungeon, and saw 3 of its levels.

You collected 38 gold pieces.

Inventory:

Hand Weapons
 a - a +0 short sword
 g - a +0 club
 h - a +0 morningstar (weapon)
Armour
 b - a +0 robe (worn)
Wands
 c - a wand of flame (7)
 d - a wand of enslavement (12)
 e - a wand of random effects (13)
Scrolls
 k - a scroll of enchant armour {unknown}
Books
 j - a book of Minor Magic

   Spells                             Type                      Level
   a - Magic Dart                     Conjuration                  1
   b - Blink                          Translocation                2
   c - Call Imp                       Summoning                    2
   d - Slow                           Hexes                        2
   e - Conjure Flame                  Conjuration/Fire             3
   f - Mephitic Cloud                 Conjuration/Poison/Air       3
Comestibles
 f - a ration


   Skills:
 + Level 3.8 Fighting
 - Level 0.8 Short Blades
 * Level 2.6 Maces & Flails
 - Level 1.7 Dodging
 - Level 0.6 Stealth
 - Level 2.4 Evocations


You had 3 spell levels left.
You didn't know any spells.

Dungeon Overview and Level Annotations

Branches:
Dungeon (3/15)

Altars:
Okawaru


Innate Abilities, Weirdness & Mutations

You are too large for most types of armour.
You have tough skin. (AC +1)


Message History

* * * LOW HITPOINT WARNING * * *
The adder bites you but does no damage.
You barely miss the adder. The adder bites you.
* * * LOW HITPOINT WARNING * * *
You are poisoned.
The adder poisons you! The adder bites you but does no damage.
You barely miss the adder.
You feel less wooden.
Your +0 robe unmelds from your body.
You feel sick. The adder bites you.
* * * LOW HITPOINT WARNING * * *
The adder bites you.
* * * LOW HITPOINT WARNING * * *
Unknown command.
Evoke which item? (* to show all) (? for menu, Esc to quit)
Aiming: Enslavement
Press: ? - help, Shift-Dir - straight line, f/p - adder
Aim: an adder (chance to defeat MR: 62%)
The adder resists with significant effort.
The adder bites you.
You die...

####### .[..... .......
.......# .......# #.
##.......# #. #........#
#.##@# ....#
########.##S##...#
#...≈g≈...)†...#
#.8.≈≈≈......###
#8_8..........###### #
##.8.≈≈≈............# .
.#...≈g≈.....#.#.##.####
.#
.#######..##............
.#
#.#.......####.#.##.####


You could see an adder.

Vanquished Creatures
  An orc warrior (D:3)
  2 adders
  2 leopard geckos (D:3)
  4 orcs (D:3)
  A ball python (D:2)
  2 giant cockroaches (D:3)
  A hobgoblin (D:2)
  2 quokkas
  2 bats
  A frilled lizard (D:3)
  A kobold (D:3)
  3 rats
22 creatures vanquished.

Vanquished Creatures (collateral kills)
  2 goblins (D:2)
  A hobgoblin (D:2)
  2 bats
5 creatures vanquished.

Grand Total: 27 creatures vanquished

Notes
Turn   | Place    | Note
-------+----------+-------------------------------------------
     0 | D:1      | 4thArraOfDagon the Ogre Artificer began the quest for the Orb.
     0 | D:1      | Reached XP level 1. HP: 19/19 MP: 2/2
   101 | D:2      | Reached skill level 2 in Fighting
   136 | D:2      | Reached XP level 2. HP: 20/29 MP: 3/3
   140 | D:2      | Reached skill level 1 in Maces & Flails
   196 | D:3      | Reached skill level 3 in Fighting
   246 | D:3      | Reached XP level 3. HP: 29/37 MP: 4/4
   294 | D:3      | Found an iron altar of Okawaru.
   308 | D:3      | Noticed an orc warrior
   350 | D:3      | Killed an orc warrior
   350 | D:3      | Reached XP level 4. HP: 10/48 MP: 5/5
   355 | D:3      | HP: 1/48 [adder (3)]
   356 | D:3      | Slain by an adder

Vault maps used:
D:1:      kilobyte_arrival_exit_the_forest, supply_closet_lemuel
D:3:      minmay_misc_feat_encased, kennysheep_okawaru_gauntlet

Skill      XL: |  1  2  3 |
---------------+----------+-----
Fighting       | 2 3 |  3.8
Maces & Flails | 1 2 |  2.6
Short Blades   | |  0.8
Dodging        | |  1.7
Stealth        | |  0.6
Evocations     | |  2.4

Action                   |  1- 3 |  4- 6 || total
-------------------------+-------+-------++-------
Melee: Short sword       |    16 |       ||    16
       Morningstar       |    33 |     3 ||    36
Evoke: Wand              |     9 |     4 ||    13
  Use: Potion            |     2 |       ||     2
 Stab: Sleeping          |     1 |       ||     1
Armor: Robe              |    34 |       ||    34
       Skin              |    14 |     6 ||    20
Dodge: Dodged            |    45 |       ||    45

Table legend:
 A = Spawn XP
 B = Non-spawn XP
 C = Spawn XP percentage of total XP
 D = Spawn monster count
 E = Non-spawn monster count
 F = Spawn count percentage of total count
 G = Total turns spent on level
                    A         B        C        D         E        F      G
               +---------+---------+-------+---------+---------+-------+---------
         Total |       0 |     129 |   0.0 |       0 |      27 |   0.0 |   356
               +---------+---------+-------+---------+---------+-------+---------
           D:1 |       0 |       2 |   0.0 |       0 |       2 |   0.0 |    91
           D:2 |       0 |      23 |   0.0 |       0 |       8 |   0.0 |    90
           D:3 |       0 |     104 |   0.0 |       0 |      17 |   0.0 |   175
               +---------+---------+-------+---------+---------+-------+---------
